3L
PANAMA CITY PIRANHAS @ ECHO PARK LAKERS
09/13/2042
 
TOP OF THE 1ST
Panama City Piranhas batting - Pitching for Echo Park Lakers : LHP Lance Barber
Pitching: LHP Lance Barber
Batting: LHB Oasiz Wiesblatt 0-0: Ground out 6-3 (Groundball, 6M, EV 83.8 MPH)
Batting: RHB Cleveland Kraut 0-0: Swinging Strike
0-1: Ball
1-1: SINGLE (Flyball, 6D, EV 91.9 MPH)
Batting: RHB Blaze Alexander 0-0: Called Strike
0-1: Called Strike
0-2: Hit by Pitch
Cleveland Kraut to second
Batting: RHB Carsello Scruggins 0-0: Ball
1-0: Ball
2-0: Ball
3-0: Called Strike
3-1: Fielders Choice at 2nd, 5-4 (Groundball, 56, EV 80.6 MPH)
Cleveland Kraut to third
Batting: RHB William Penn 0-0: TRIPLE (Flyball, 9D, EV 91.9 MPH)
Cleveland Kraut scores
Carsello Scruggins scores
Batting: RHB Silvian Burger 0-0: Foul Ball, location: 2F
0-1: Ball
1-1: Called Strike
1-2: Ball
2-2: Foul Ball, location: 2F
2-2: Strikes out looking
Top of the 1st over - 2 runs, 2 hits, 0 errors, 1 left on base; Panama City 2 - Echo Park 0
BOTTOM OF THE 1ST
Echo Park Lakers batting - Pitching for Panama City Piranhas : LHP Will Hunting
Pitching: LHP Will Hunting
Batting: RHB Tony Calhoun 0-0: Swinging Strike
0-1: TRIPLE (Line Drive, 89XD, EV 103.1 MPH)
Batting: RHB Silverberry Mouhon 0-0: Ball
1-0: Ball
2-0: Ground out 4-3 (Groundball, 4, EV 90.0 MPH)
Tony Calhoun scores
Batting: RHB Maema Njongmeta 0-0: Ball
1-0: Ball
2-0: Ball
3-0: Base on Balls
Batting: LHB Philip Todd 0-0: Ball
1-0: Fielders Choice at 2nd, 4-6 (Groundball, 4S, EV 85.0 MPH)
Batting: RHB Joe Mueller 0-0: Called Strike
0-1: Swinging Strike
0-2: Ball
1-2: Strikes out swinging
Bottom of the 1st over - 1 run, 1 hit, 0 errors, 1 left on base; Panama City 2 - Echo Park 1
TOP OF THE 2ND
Panama City Piranhas batting - Pitching for Echo Park Lakers : LHP Lance Barber
Batting: LHB Hugh Hill 0-0: Called Strike
0-1: Ball
1-1: Ball
2-1: Called Strike
2-2: Foul Ball, location: 2F
2-2: Ball
3-2: SOLO HOME RUN (Flyball, 9D, EV 106.2 MPH), Distance : 403 ft
Batting: RHB Luke Thornton 0-0: Called Strike
0-1: Ball
1-1: Ball
2-1: Ground out 5-3 (Groundball, 5, EV 89.4 MPH)
Batting: RHB Hyeon-cheong Kim 0-0: Ball
1-0: Fly out, F7 (Flyball, 78M, EV 89.4 MPH)
Batting: LHB Oasiz Wiesblatt 0-0: Called Strike
0-1: Foul Ball, location: 2F
0-2: Ball
1-2: Ball
2-2: Strikes out looking and he ARGUES THE CALL AND IS TOSSED!
Top of the 2nd over - 1 run, 1 hit, 0 errors, 0 left on base; Panama City 3 - Echo Park 1
BOTTOM OF THE 2ND
Echo Park Lakers batting - Pitching for Panama City Piranhas : LHP Will Hunting
Now at 1B: Antoine Studdard
Batting: LHB Joe Schreibvogel 0-0: Called Strike
0-1: Ground out U3 (Groundball, 3S, EV 85.6 MPH)
Batting: RHB Ryoma Yamamoto 0-0: Ball
1-0: Foul Ball, location: 2F
1-1: DOUBLE (Line Drive, 3D, EV 106.9 MPH)
Batting: LHB Jonathan Winston 0-0: Ball
1-0: Called Strike
1-1: Ball
2-1: Fly out, F9 (Flyball, 9D, EV 92.5 MPH)
Batting: LHB Ben Bullock 0-0: Foul Ball, location: 2F
0-1: Called Strike
0-2: Ball
1-2: Foul Ball, location: 2F
1-2: Ball
2-2: Ground out 6-3 (Groundball, 6, EV 88.8 MPH)
Bottom of the 2nd over - 0 runs, 1 hit, 0 errors, 1 left on base; Panama City 3 - Echo Park 1
TOP OF THE 3RD
Panama City Piranhas batting - Pitching for Echo Park Lakers : LHP Lance Barber
Batting: RHB Cleveland Kraut 0-0: Called Strike
0-1: Ball
1-1: Ball
2-1: Foul Ball, location: 2F
2-2: Ground out 1-5-3 (Groundball, 15S, EV 95.6 MPH)
Batting: RHB Blaze Alexander 0-0: Called Strike
0-1: Fly out, F7 (Flyball, 7, EV 86.9 MPH)
Batting: RHB Carsello Scruggins 0-0: Ball
1-0: Ball
2-0: SINGLE (Groundball, 4MD, EV 96.9 MPH)
Batting: RHB William Penn 0-0: Ball
1-0: Fielders Choice at 2nd, 6-4 (Groundball, 6, EV 105.0 MPH)
Top of the 3rd over - 0 runs, 1 hit, 0 errors, 1 left on base; Panama City 3 - Echo Park 1
BOTTOM OF THE 3RD
Echo Park Lakers batting - Pitching for Panama City Piranhas : LHP Will Hunting
Batting: RHB Tony Calhoun 0-0: Called Strike
0-1: Ball
1-1: Foul Ball, location: 2F
1-2: Fly out, F4 (Line Drive, 4, EV 72.5 MPH)
Batting: RHB Silverberry Mouhon 0-0: Called Strike
0-1: Foul Ball, location: 2F
0-2: Ball
1-2: Fly out, F9 (Flyball, 9LSF, EV 90.0 MPH)
Batting: RHB Maema Njongmeta 0-0: Ball
1-0: Ground out 6-3 (Groundball, 6S, EV 63.1 MPH)
Bottom of the 3rd over - 0 runs, 0 hits, 0 errors, 0 left on base; Panama City 3 - Echo Park 1
TOP OF THE 4TH
Panama City Piranhas batting - Pitching for Echo Park Lakers : LHP Lance Barber
Batting: RHB Silvian Burger 0-0: Ball
1-0: Foul Ball, location: 2F
1-1: Called Strike
1-2: Ball
2-2: Ground out 4-3 (Groundball, 4M, EV 104.4 MPH)
Batting: LHB Hugh Hill 0-0: Ball
1-0: Fly out, F7 (Flyball, 7, EV 96.9 MPH)
Batting: RHB Luke Thornton 0-0: Foul Ball, location: 2F
0-1: Called Strike
0-2: Ball
1-2: Ball
2-2: Strikes out swinging
Top of the 4th over - 0 runs, 0 hits, 0 errors, 0 left on base; Panama City 3 - Echo Park 1
BOTTOM OF THE 4TH
Echo Park Lakers batting - Pitching for Panama City Piranhas : LHP Will Hunting
Batting: LHB Philip Todd 0-0: Ball
1-0: Ball
2-0: Foul Ball, location: 2F
2-1: Swinging Strike
2-2: Foul Ball, location: 2F
2-2: Ball
3-2: Foul Ball, location: 2F
3-2: Fly out, F3 (Popup, 3L, EV 66.2 MPH)
Batting: RHB Joe Mueller 0-0: Ball
1-0: Swinging Strike
1-1: Foul Ball, location: 2F
1-2: Foul Ball, location: 2F
1-2: Strikes out swinging
Batting: LHB Joe Schreibvogel 0-0: Called Strike
0-1: Ball
1-1: Ball
2-1: Ball
3-1: Fly out, F9 (Flyball, 9LMF, EV 80.6 MPH)
Bottom of the 4th over - 0 runs, 0 hits, 0 errors, 0 left on base; Panama City 3 - Echo Park 1
TOP OF THE 5TH
Panama City Piranhas batting - Pitching for Echo Park Lakers : LHP Lance Barber
Batting: RHB Hyeon-cheong Kim 0-0: Foul Ball, location: 2F
0-1: Swinging Strike
0-2: Ball
1-2: Ball
2-2: Ground out 5-3 (Groundball, 56, EV 85.0 MPH)
Batting: LHB Antoine Studdard 0-0: Foul Ball, location: 2F
0-1: Ground out 1-3 (Groundball, 34S, EV 67.5 MPH)
Batting: RHB Cleveland Kraut 0-0: Called Strike
0-1: Foul Ball, location: 2F
0-2: Foul Ball, location: 2F
0-2: Strikes out looking
Top of the 5th over - 0 runs, 0 hits, 0 errors, 0 left on base; Panama City 3 - Echo Park 1
BOTTOM OF THE 5TH
Echo Park Lakers batting - Pitching for Panama City Piranhas : LHP Will Hunting
Batting: RHB Ryoma Yamamoto 0-0: Ball
1-0: DOUBLE (Flyball, 8RXD, EV 106.2 MPH)
Batting: LHB Jonathan Winston 0-0: Ball
1-0: Called Strike
1-1: Swinging Strike
1-2: Strikes out swinging
Batting: LHB Ben Bullock 0-0: Called Strike
0-1: Swinging Strike
0-2: Ball
1-2: Ball
2-2: Ground out 4-3 (Groundball, 4, EV 83.1 MPH)
Ryoma Yamamoto to third
Batting: RHB Tony Calhoun 0-0: Ground out 4-3 (Groundball, 4, EV 84.4 MPH)
Bottom of the 5th over - 0 runs, 1 hit, 0 errors, 1 left on base; Panama City 3 - Echo Park 1
TOP OF THE 6TH
Panama City Piranhas batting - Pitching for Echo Park Lakers : LHP Lance Barber
Batting: RHB Blaze Alexander 0-0: Ball
1-0: Ball
2-0: Foul Ball, location: 2F
2-1: Ground out U3 (Groundball, 3L, EV 80.0 MPH)
Pitching: LHP Onson Sweemey
Batting: RHB Carsello Scruggins 0-0: Fly out, F9 (Flyball, 89XD, EV 81.9 MPH)
Batting: RHB William Penn 0-0: Foul Ball, location: 2F
0-1: Ball
1-1: Ball
2-1: Fly out, F8 (Flyball, 89D, EV 97.5 MPH)
Top of the 6th over - 0 runs, 0 hits, 0 errors, 0 left on base; Panama City 3 - Echo Park 1
BOTTOM OF THE 6TH
Echo Park Lakers batting - Pitching for Panama City Piranhas : LHP Will Hunting
Batting: RHB Silverberry Mouhon 0-0: Fly out, F9 (Flyball, 9, EV 86.2 MPH)
Batting: RHB Maema Njongmeta 0-0: Foul Ball, location: 2F
0-1: Called Strike
0-2: DOUBLE (Groundball, 5L, EV 94.4 MPH)
Batting: LHB Philip Todd 0-0: Called Strike
0-1: Foul Ball, location: 2F
0-2: Ball
1-2: Strikes out swinging
Batting: RHB Joe Mueller 0-0: Ball
1-0: Ground out 6-3 (Groundball, 6, EV 81.9 MPH)
Bottom of the 6th over - 0 runs, 1 hit, 0 errors, 1 left on base; Panama City 3 - Echo Park 1
TOP OF THE 7TH
Panama City Piranhas batting - Pitching for Echo Park Lakers : LHP Onson Sweemey
Batting: RHB Silvian Burger 0-0: Ground out 1-3 (Groundball, 13, EV 60.0 MPH)
Batting: LHB Hugh Hill 0-0: Ball
1-0: Called Strike
1-1: Ground out 3-1 (Groundball, 34, EV 83.8 MPH)
Batting: RHB Luke Thornton 0-0: Ball
1-0: Called Strike
1-1: Ball
2-1: Called Strike
2-2: Fly out, F7 (Flyball, 7S, EV 86.9 MPH)
Top of the 7th over - 0 runs, 0 hits, 0 errors, 0 left on base; Panama City 3 - Echo Park 1
BOTTOM OF THE 7TH
Echo Park Lakers batting - Pitching for Panama City Piranhas : LHP Will Hunting
Batting: LHB Joe Schreibvogel 0-0: Ball
1-0: SINGLE (Line Drive, 5D, EV 105.6 MPH)
Pitching: LHP Gunner Cross
Batting: RHB Ryoma Yamamoto 0-0: Called Strike
0-1: SINGLE (Line Drive, 9S, EV 105.6 MPH)
Joe Schreibvogel to second
Pinch Hitting: RHB Komotay Koffie 0-0: Sac Bunt to 2L - play at first, batter OUT! 2-3
Joe Schreibvogel to third
Ryoma Yamamoto to second
Batting: LHB Ben Bullock 0-0: Swinging Strike
0-1: Called Strike
0-2: Ball
1-2: Ball
2-2: Ball
3-2: Strikes out looking
Batting: RHB Tony Calhoun 0-0: Ground out 6-3 (Groundball, 6, EV 93.1 MPH)
Bottom of the 7th over - 0 runs, 2 hits, 0 errors, 2 left on base; Panama City 3 - Echo Park 1
TOP OF THE 8TH
Panama City Piranhas batting - Pitching for Echo Park Lakers : LHP Onson Sweemey
Now at 3B: Komotay Koffie
Batting: RHB Hyeon-cheong Kim 0-0: Called Strike
0-1: Ball
1-1: Ball
2-1: Foul Ball, location: 2F
2-2: SINGLE (Groundball, 34D, EV 96.9 MPH)
Batting: LHB Antoine Studdard 0-0: Ball
1-0: Fly out, F8 (Flyball, 8LXD, EV 107.5 MPH)
Batting: RHB Cleveland Kraut 0-0: Called Strike
0-1: Fly out, F9 (Flyball, 9S, EV 90.0 MPH)
Batting: RHB Blaze Alexander 0-0: Ball
1-0: Called Strike
1-1: Fly out, F7 (Flyball, 7S, EV 87.5 MPH)
Top of the 8th over - 0 runs, 1 hit, 0 errors, 1 left on base; Panama City 3 - Echo Park 1
BOTTOM OF THE 8TH
Echo Park Lakers batting - Pitching for Panama City Piranhas : LHP Gunner Cross
Batting: RHB Silverberry Mouhon 0-0: Ball
1-0: Called Strike
1-1: Ground out 5-3 (Groundball, 56S, EV 75.0 MPH)
Batting: RHB Maema Njongmeta 0-0: Ball
1-0: Ball
2-0: Ball
3-0: Foul Ball, location: 2F
3-1: Base on Balls
Batting: LHB Philip Todd 0-0: Called Strike
0-1: Ball
1-1: Ball
2-1: Ball
3-1: Base on Balls
Maema Njongmeta to second
Batting: RHB Joe Mueller 0-0: Ball
1-0: Foul Ball, location: 2F
1-1: Fielders Choice at 2nd, 1-6 (Groundball, 23, EV 89.4 MPH)
Maema Njongmeta to third
Batting: LHB Joe Schreibvogel 0-0: Called Strike
0-1: Swinging Strike
0-2: Ball
1-2: Ball
2-2: Foul Ball, location: 2F
2-2: SINGLE (Line Drive, 56D, EV 108.1 MPH)
Maema Njongmeta scores
Joe Mueller to second
Runner from 2nd tries for 3rd, SAFE, throw by LF made to third
Batting: RHB Ryoma Yamamoto 0-0: Ball
1-0: Called Strike
1-1: Fielders Choice at 2nd, 6-4 (Groundball, 6, EV 80.6 MPH)
Bottom of the 8th over - 1 run, 1 hit, 0 errors, 2 left on base; Panama City 3 - Echo Park 2
TOP OF THE 9TH
Panama City Piranhas batting - Pitching for Echo Park Lakers : LHP Onson Sweemey
Pitching: RHP Bungay Osiman
Batting: RHB Carsello Scruggins 0-0: Swinging Strike
0-1: Ball
1-1: Called Strike
1-2: Foul Ball, location: 2F
1-2: Strikes out swinging
Batting: RHB William Penn 0-0: Fly out, F8 (Line Drive, 8RD, EV 88.1 MPH)
Batting: RHB Silvian Burger 0-0: Ball
1-0: Called Strike
1-1: Fly out, F6 (Line Drive, 6, EV 70.0 MPH)
Top of the 9th over - 0 runs, 0 hits, 0 errors, 0 left on base; Panama City 3 - Echo Park 2
BOTTOM OF THE 9TH
Echo Park Lakers batting - Pitching for Panama City Piranhas : LHP Gunner Cross
Batting: RHB Komotay Koffie 0-0: Foul Ball, location: 2F
0-1: Ball
1-1: Called Strike
1-2: Foul Ball, location: 2F
1-2: Foul Ball, location: 2F
1-2: Ball
2-2: Ball
3-2: Foul Ball, location: 2F
3-2: Fly out, F4 (Popup, 4, EV 63.1 MPH)
Batting: LHB Ben Bullock 0-0: Ground out 1-3 (Groundball, 13S, EV 65.0 MPH)
Batting: RHB Tony Calhoun 0-0: Ball
1-0: Swinging Strike
1-1: Swinging Strike
1-2: Ground out 6-3 (Groundball, 56, EV 105.6 MPH)
Bottom of the 9th over - 0 runs, 0 hits, 0 errors, 0 left on base; Panama City 3 - Echo Park 2
Friday, March 26th, 2021 - OOTP Baseball 20.8 Build 74